 Dungeon Crawl Stone Soup version 0.31.0-11-ge490571c62 (webtiles) character file.

Game seed: 8817788506421307887

1370 magipi the Firebug (level 8, 0/41 HPs)
             Began as a Deep Elf Fire Elementalist on Feb 8, 2024.
             Was an Initiate of Sif Muna.
             Slain by Edmund
             ... wielding a +3 dire flail of holy wrath
              (12 damage)
             ... on level 6 of the Dungeon.
             The game lasted 00:18:43 (5985 turns).

magipi the Firebug (Deep Elf Fire Elementalist)     Turns: 5985, Time: 00:18:44

Health: 0/41       AC:  4    Str: 11    XL:     8   Next: 38%
Magic:  12/20      EV: 12    Int: 23    God:    Sif Muna [......]
Gold:   372        SH:  0    Dex: 15    Spells: 10/20 levels left

rFire   + . .        a - +2 dagger (drain)
rCold   . . .        (no shield)
rNeg    . . .        e - +0 robe
rPois   .            m - +0 helmet
rElec   .            n - +0 cloak
rCorr   .            (no gloves)
SInv    .            (no boots)
Will    .....        (no amulet)
Stlth   ++           f - ring of protection from fire
HPRegen 0.26/turn    g - +6 ring of strength
MPRegen 0.17/turn

%: no passive effects
@: no status effects
A: no striking features
a: Renounce Religion


You were on level 6 of the Dungeon.
You worshipped Sif Muna.
Sif Muna was noncommittal.
You visited 1 branch of the dungeon, and saw 6 of its levels.
You also visited: Sewer.

You collected 372 gold pieces.

Inventory:

Hand Weapons
 a - a +2 dagger of draining (weapon)
 b - a +1 trident of freezing
Missiles
 k - 5 boomerangs
Armour
 e - a +0 robe (worn)
 m - a +0 helmet (worn)
 n - a +0 cloak (worn)
Jewellery
 f - a ring of protection from fire (left hand)
 g - a +6 ring of strength (right hand)
Wands
 t - a wand of flame (33)
 u - a wand of roots (13)
Scrolls
 j - a scroll of poison {unknown}
 r - 2 scrolls of immolation
Potions
 c - 6 potions of curing
 d - 6 potions of attraction
 h - 2 potions of resistance
 i - 2 potions of haste
 l - 3 potions of might
 o - a potion of enlightenment
 p - 5 potions of heal wounds
 q - a potion of lignification
 s - 3 potions of magic


   Skills:
 - Level 2.4 Dodging
 - Level 2.4 Stealth
 + Level 6.7 Spellcasting
 + Level 7.1 Conjurations
 + Level 7.8 Fire Magic
 + Level 0.0 Earth Magic


You had 10 spell levels left.
You knew the following spells:

 Your Spells              Type           Power      Damage    Failure   Level
a - Foxfire               Conj/Fire      100%       2x1d9     1%          1
b - Scorch                Fire           88%        2d8       1%          2
s - Stone Arrow           Conj/Erth      48%        3d10      5%          3
F - Flame Wave            Conj/Fire      42%        2d11      3%          4

Your spell library contained the following spells:

 Spells                   Type           Power      Damage    Failure   Level
 Inner Flame              Hex/Fire       25%        N/A       4%          3
 Volatile Blastmotes      Fire/Tloc      50%        2d14      4%          3
 Slow                     Hex            28%        N/A       8%          1
 Sticky Flame             Fire/Alch      25%        2d6       16%         4
 Confusing Touch          Hex            7%         N/A       24%         3
 Sigil of Binding         Hex            7%         N/A       24%         3
 Vampiric Draining        Necr           7%         2d6       24%         3
 Animate Armour           Summ/Erth      14%        N/A       61%         4
 Summon Forest            Summ/Tloc      3%         N/A       91%         5
 Summon Mana Viper        Hex/Summ       7%         N/A       91%         5
 Summon Cactus Giant      Summ           3%         N/A       100%        6
 Lehudib's Crystal Spear  Conj/Erth      12%        10d4      100%        8


Dungeon Overview and Level Annotations

Branches:
Dungeon (6/15)             Temple (0/1) D:6           Sewer (visited)

Altars:
Ashenzari
Cheibriados
Gozag
Hepliaklqana
Sif Muna
Vehumet
Wu Jian

Annotations:
D:6 Edmund


Message History

Your foxfire dissipates!
The foxfire hits Edmund.
Edmund is lightly wounded.
Casting: Foxfire (safe; 1% risk of failure)
Confirm with . or Enter, or press ? or * to list all spells.
You conjure some foxfire!
Unknown command.
Unknown command.
The foxfire hits Edmund.
Edmund is lightly wounded.
The foxfire hits Edmund.
Edmund is moderately wounded.
Casting: Foxfire (safe; 1% risk of failure)
Confirm with . or Enter, or press ? or * to list all spells.
Flames lash Edmund.
Edmund is moderately wounded.
Edmund's fire resistance burns away.
Unknown command.
Unknown command.
Casting: Scorch (safe; 1% risk of failure)
Confirm with . or Enter, or press ? or * to list all spells.
Flames lash Edmund.
Edmund is burned terribly!
Edmund is heavily wounded.
Edmund hits you with a +3 dire flail of holy wrath!
Unknown command.
Unknown command.
Casting: Scorch (safe; 1% risk of failure)
Confirm with . or Enter, or press ? or * to list all spells.
Flames lash Edmund but do no damage.
Edmund hits you with a +3 dire flail of holy wrath!
* * * LOW HITPOINT WARNING * * *
Unknown command.
Unknown command.
Casting: Scorch (safe; 1% risk of failure)
Confirm with . or Enter, or press ? or * to list all spells.
Flames lash Edmund.
Edmund is burned terribly!
Edmund is almost dead.
Edmund hits you with a +3 dire flail of holy wrath!
You die...
Edmund whines, "They better pay attention to me now!"

.....# ####.## ..)#..#
..##..## ##########
...#...######........#
#..#.#...............#
.#.####............###
#....................
####.####......@@....##
.....####.....########
#......##.....#
#......##.....#
#......########
#......##
#.......######
#........#...#
########.....#


You could see Edmund (combustible).

Vanquished Creatures
  A wyvern (D:5)
  A water moccasin (D:6)
  3 black bears
  A sky beast (D:6)
  A phantom (D:6)
  A bullfrog (D:6)
  A howler monkey (D:6)
  2 bombardier beetles (D:4)
  3 jellies (Sewer)
  2 hounds
  Jessica (D:2)
  4 iguanas
  Robin (D:1)
  7 adders
  A river rat (Sewer)
  3 ufetubi (D:5)
  2 ribbon worms (Sewer)
  3 dart slugs
  3 orcs
  5 bats
  10 endoplasms
  7 giant cockroaches
  14 goblins
  5 hobgoblins
  3 jackals (D:4)
  8 quokkas
  10 ball pythons
  13 frilled lizards
  9 kobolds
  11 rats
136 creatures vanquished.

Vanquished Creatures (others)
  126 foxfires
126 creatures vanquished.

Grand Total: 262 creatures vanquished

Notes
Turn   | Place    | Note
-------+----------+-------------------------------------------
     0 | D:1      | magipi the Deep Elf Fire Elementalist began the quest for
                  | the Orb.
     0 | D:1      | Reached XP level 1. HP: 10/10 MP: 6/6
    97 | D:1      | Reached XP level 2. HP: 15/15 MP: 5/8
   360 | D:1      | Learned a level 2 spell: Scorch
   661 | D:1      | Reached XP level 3. HP: 19/19 MP: 7/9
   912 | D:2      | Noticed Robin
  1195 | D:1      | Killed Robin
  1397 | D:2      | Reached XP level 4. HP: 24/24 MP: 11/11
  1424 | D:2      | Noticed Jessica
  1438 | D:2      | Killed Jessica
  2078 | D:3      | Found an ornate altar of the Wu Jian Council.
  2127 | D:3      | Found a faded altar of an unknown god.
  2174 | D:3      | Found an opulent altar of Gozag.
  2820 | D:4      | Reached XP level 5. HP: 22/28 MP: 4/13
  3021 | D:4      | Reached skill level 5 in Fire Magic
  3410 | D:4      | Found a glowing drain.
  3440 | Sewer    | Entered a sewer
  3810 | Sewer    | Reached XP level 6. HP: 32/32 MP: 11/14
  4052 | Sewer    | Found a viscous altar of Jiyva.
  4181 | D:4      | Reached skill level 5 in Spellcasting
  4488 | D:5      | Entered Level 5 of the Dungeon
  4562 | D:5      | Reached skill level 5 in Conjurations
  4562 | D:5      | Reached XP level 7. HP: 29/36 MP: 7/16
  4875 | D:5      | Found a broken altar of Ashenzari.
  4875 | D:5      | Found a shimmering blue altar of Sif Muna.
  4876 | D:5      | Noticed a wyvern
  4883 | D:5      | Killed a wyvern
  4888 | D:5      | Became a worshipper of Sif Muna the Loreminder
  5319 | D:6      | Found a radiant altar of Vehumet.
  5340 | D:6      | Reached XP level 8. HP: 41/41 MP: 12/19
  5350 | D:6      | Learned a level 4 spell: Flame Wave
  5407 | D:6      | Found a snail-covered altar of Cheibriados.
  5611 | D:6      | Found a hazy altar of Hepliaklqana.
  5825 | D:6      | Found a staircase to the Ecumenical Temple.
  5835 | D:6      | Learned a level 3 spell: Stone Arrow
  5954 | D:6      | Noticed Edmund
  5985 | D:6      | Slain by Edmund

Illustrated notes

Levels and vault maps discovered:
D:1:      minmay_arrival_plants_in_alcoves, layout_rooms, serial_forest,
          infiniplex_forest_diagonal, infiniplex_forest_clump_double,
          infiniplex_forest_lined_1, infiniplex_forest_lined_corner,
          infiniplex_forest_lined_2, infiniplex_forest_straight_5,
          infiniplex_forest_zigzag_1, minmay_tall_x
D:2:      layout_rooms, minmay_misc_feat_pillars, grunt_decor_resistance,
          st_stairs_10, uniq_robin, uniq_jessica
D:3:      layout_basic, nicolae_gozag_cash_rules_everything_around_me,
          mainiacjoe_overflow_chevrons, ebering_ecumenical_altar_box,
          feat_on_display
D:4:      layout_gridville, mainiacjoe_sewer_entry_somewhere_in_here_2
D:5:      layout_basic, jmf_multi_god_temple
D:6:      layout_basic, kennysheep_slug_shrine, fiery_altar_vehumet,
          mainiacjoe_overflow_24_doors, minmay_temple_entry_fiery,
          sigmund_edmund_badplayer

Skill      XL: |  1  2  3  4  5  6  7  8 |
---------------+-------------------------+-----
Conjurations   | 2 3 4 5 6 7 |  7.1
Fire Magic     | 4 5 6 7 |  7.8
Spellcasting   | 4 5 6 |  6.7
Dodging        | |  2.4
Stealth        | |  2.4

Action                     |  1- 3 |  4- 6 |  7- 9 || total
---------------------------+-------+-------+-------++-------
  Melee: Unarmed           |     1 |       |       ||     1
         Dagger            |     7 |    18 |     1 ||    26
   Cast: Foxfire           |    41 |    26 |     3 ||    70
         Scorch            |    12 |    58 |    45 ||   115
    Use: Scroll            |       |    10 |     3 ||    13
   Stab: Sleeping          |     3 |     4 |     1 ||     8
 Armour: Robe              |    19 |    23 |    18 ||    60
  Dodge: Dodged            |    30 |    27 |    12 ||    69
